 Dungeon Crawl Stone Soup version 0.26-b1-32-g5d43845318 (webtiles) character file.

Game seed: 11358115021370597757

43112 inmateoo the Impaler (level 14, -12/111 HPs)
             Began as a Merfolk Delver on Jan 9, 2021.
             Was the Champion of Okawaru.
             Mangled by Rupert
             ... wielding a +0 battleaxe of electrocution
              (17 damage)
             ... on level 5 of the Lair of Beasts.
             The game lasted 00:26:54 (20977 turns).

inmateoo the Impaler (Merfolk Delver)              Turns: 20977, Time: 00:26:54

Health: -12/111    AC: 26    Str: 16    XL:     14   Next: 22%
Magic:  20/20      EV: 11    Int: 10    God:    Okawaru [******]
Gold:   590        SH: 12    Dex: 22    Spells: 5/15 levels left

rFire    + . .     SeeInvis .   v - +3 trident (venom)
rCold    . . .     Faith    .   K - +0 kite shield {AC+3}
rNeg     + . .     Spirit   .   Q - +0 plate armour of the Baker {rN+ Will+ Dex+3 Stlth+}
rPois    +         Reflect  .   A - +2 helmet
rElec    .         Harm     .   l - +1 cloak
rCorr    .         Rampage  .   a - +1 pair of gloves {Dex+3}
Will     ++...                  b - +0 pair of boots
Stlth    ..........             (no amulet)
HPRegen  0.28/turn              p - ring of poison resistance
MPRegen  0.17/turn              d - ring of protection from fire

@: studying Transmutations
A: change form in water, swift swim, stealthy swim
a: Renounce Religion, Heroism, Finesse


You were on level 5 of the Lair of Beasts.
You worshipped Okawaru.
Okawaru was exalted by your worship.
You visited 3 branches of the dungeon, and saw 19 of its levels.

You collected 1215 gold pieces.
You spent 625 gold pieces at shops.

Inventory:

Hand Weapons
 e - a +4 trident of flaming
 v - a +3 trident of venom (weapon)
Missiles
 F - 3 boomerangs of dispersal
 L - 10 curare-tipped darts (quivered)
Armour
 a - a +1 pair of gloves of dexterity (worn)
 b - a +0 pair of boots (worn)
 l - a +1 cloak (worn)
 y - the +0 hat of Xuneas {*Drain *Slow rPois rF+++}
   (Okawaru gifted it to you on level 12 of the Dungeon)

   It renders you almost immune to fire.
   It protects you from poison.
   It causes draining when unequipped.
   It may slow you when you take damage.
 A - a +2 helmet (worn)
 K - a +0 kite shield of protection (worn)
 Q - the +0 plate armour of the Baker (worn) {rN+ Will+ Dex+3 Stlth+}
   (You found it on level 12 of the Dungeon)

   It affects your dexterity (+3).
   It protects you from negative energy.
   It affects your willpower, your defense against some magical effects.
   It makes you more stealthy.
Jewellery
 d - a ring of protection from fire (right hand)
 p - a ring of poison resistance (left hand)
 C - an uncursed ring of resist corrosion
 H - an uncursed ring of ice
Wands
 g - a wand of digging (3)
 o - a wand of flame (28)
 x - a wand of disintegration (11)
 M - a wand of random effects (15)
 P - a wand of acid (1)
 R - a wand of polymorph (6)
 S - a wand of iceblast (11)
Scrolls
 c - 5 scrolls of fog
 i - 4 scrolls of amnesia
 q - 9 scrolls of teleportation
 r - 4 scrolls of remove curse
 t - 2 scrolls of enchant armour
 z - 3 scrolls of identify
 G - 4 scrolls of magic mapping
 J - 2 scrolls of enchant weapon
 O - 2 scrolls of summoning
 U - a scroll of blinking
Potions
 f - a potion of haste
 h - a potion of mutation
 j - 9 potions of curing
 k - a potion of resistance
 m - 4 potions of heal wounds
 n - 2 potions of might
 s - 2 potions of flight
 w - 3 potions of cancellation
 B - 4 potions of lignification
 D - a potion of ambrosia
 E - a potion of invisibility
 I - 2 potions of magic
Books
 u - a manual of Transmutations
 N - a manual of Transmutations


   Skills:
 + Level 10.7 Fighting
 + Level 15.7 Polearms
 + Level 8.8 Armour
 + Level 12.8 Dodging
 - Level 5.4 Stealth
 + Level 8.9 Shields
 + Level 1.4 Spellcasting
 + Level 7.0 Transmutations
 + Level 8.3 Invocations


You had 5 spell levels left.
You knew the following spells:

 Your Spells              Type           Power        Failure   Level
a - Blink                 Tloc           N/A          100%        2
b - Passage of Golubria   Tloc           N/A          100%        4
c - Summon Lightning Spi  Summ/Air       0%           100%        4

Your spell library contained the following spells:

 Spells                   Type           Power        Failure   Level
 Summon Small Mammal      Summ           0%           100%        1
 Call Imp                 Summ           0%           100%        2
 Call Canine Familiar     Summ           0%           100%        3
 Gell's Gravitas          Tloc           0%           100%        3
 Lesser Beckoning         Tloc           0%           100%        3
 Summon Guardian Golem    Hex/Summ       0%           100%        3
 Teleport Other           Tloc           0%           100%        3
 Summon Ice Beast         Ice/Summ       0%           100%        4


Dungeon Overview and Level Annotations

Branches:
Dungeon (12/15)            Temple (1/1) D:4            Lair (6/6) D:8
  Swamp (0/4) Lair:4        Snake (0/4) Lair:3          Orc (0/2) D:12
  Slime: Lair:5-6

Altars:
Ashenzari
Cheibriados
Dithmenos
Elyvilon
Fedhas
Gozag
Hepliaklqana
Kikubaaqudgha
Makhleb
Nemelex Xobeh
Okawaru
Qazlal
Ru
Sif Muna
Trog
Uskayaw
Vehumet
Wu Jian
Xom
Yredelemnul
Zin
The Shining One

Shops:
D:9 (?*?   D:12 }

Annotations:
Lair:3 exclusion: oklob plant
Lair:5 Rupert


Message History

Rupert hits you with a +0 battleaxe of electrocution!
You are electrocuted!!
You puncture Rupert!
Rupert is almost dead.
Rupert hits you with a +0 battleaxe of electrocution!
You are electrocuted!!
* * * LOW HITPOINT WARNING * * *
You are too injured to fight recklessly!
You hit Rupert but do no damage.
Rupert looks as sick as possible!
Rupert is almost dead.
Rupert hits you with a +0 battleaxe of electrocution.
* * * LOW HITPOINT WARNING * * *
You are too injured to fight recklessly!
Unknown command.
Unknown command.
Unknown command.
Rupert hits you with a +0 battleaxe of electrocution!!
* * * LOW HITPOINT WARNING * * *
You are electrocuted!
You die...

##.## #.## #...#####..## ##
#...P...#...##.# ### . #
##....##......# ##.# ..
.##.#...##.#.#PP###...
...###.###...P...##P.......
..... #...†...P.#P.......
#...##P.............##.#
#.<.P#P@.....#.#..#.####
.##....P@......P....#.#
...................###..
.................### ..(#
...#.#..P.......## #..#
.#...............# ..#
#.....P.........#
...P.......#......
#...P..PP.......P


You could see Rupert (berserk, extremely poisoned).

Vanquished Creatures
  A dire elephant (Lair:3)
  An ettin (D:12)
  2 hydras
  A boulder beetle (Lair:2)
  A centaur warrior (D:12)
  A two-headed ogre (D:10)
  Sonja (D:12)
  2 unseen horrors (D:11)
  A lindwurm (Lair:2)
  3 ugly things
  2 cyclopes (D:12)
  22 elephants
  2 black mambas
  5 cane toads
  Psyche (D:9)
  2 gargoyles
  2 centaur skeletons (D:12)
  2 rime drakes
  3 komodo dragons
  A troll (D:11)
  A hornet (Lair:6)
  3 polar bears
  2 slime creatures (D:12)
  5 dream sheep (Lair:6)
  9 blink frogs
  3 shadows
  4 wyverns
  54 yaks
  A spriggan (Lair:3)
  2 basilisks
  4 chaos spawn (D:11)
  3 nagas (Lair:3)
  An acid dragon (D:11)
  10 water moccasins
  9 orc warriors
  Duvessa (D:6)
  4 black bears
  An ice beast (D:5)
  A sky beast (D:9)
  2 necrophages
  2 phantoms
  2 wolves (Lair:6)
  3 centaurs
  4 ogres (D:6)
  A big kobold (D:12)
  11 bullfrogs
  Dowan (D:6)
  6 scorpions
  16 killer bees
  5 wights (D:6)
  2 howler monkeys (D:9)
  2 electric eels (Lair:2)
  2 bullfrog zombies
  15 orc priests
  4 hounds
  3 jellies
  14 orc wizards
  2 centaur zombies
  3 iguanas
  Crazy Yiuf (D:6)
  2 bullfrog skeletons
  Natasha (D:2)
  9 worker ants
  A hound zombie (D:8)
  A worker ant zombie (D:6)
  Robin (D:4)
  A gnoll (D:7)
  12 adders
  A shadow imp (D:8)
  5 white imps
  2 ufetubi
  An ooze (D:6)
  3 worms
  4 leopard geckos
  58 orcs
  14 bats
  4 giant cockroaches
  9 goblins
  9 hobgoblins
  6 jackals
  4 quokkas
  4 frilled lizards
  8 kobolds
  A leopard gecko zombie (D:5)
  A quokka skeleton (D:4)
  3 rats (D:1)
440 creatures vanquished.

Vanquished Creatures (others)
  41 fungi
  18 plants
59 creatures vanquished.

Grand Total: 499 creatures vanquished

Notes
Turn   | Place    | Note
-------+----------+-------------------------------------------
     0 | D:5      | inmateoo the Merfolk Delver began the quest for the Orb.
     0 | D:5      | Reached XP level 1. HP: 18/18 MP: 1/1
    34 | D:4      | Noticed Robin
   395 | D:2      | Noticed Natasha
   530 | D:2      | Reached XP level 2. HP: 24/24 MP: 2/2
   822 | D:1      | Reached skill level 4 in Polearms
   888 | D:1      | Reached XP level 3. HP: 29/29 MP: 3/3
  2002 | D:2      | Killed Natasha
  2003 | D:2      | Reached skill level 5 in Polearms
  2003 | D:2      | Reached XP level 4. HP: 22/37 MP: 4/4
  2384 | D:3      | Reached XP level 5. HP: 40/42 MP: 5/5
  2788 | D:2      | Reached skill level 6 in Polearms
  3052 | D:3      | Reached XP level 6. HP: 21/49 MP: 6/6
  3768 | D:3      | Reached skill level 7 in Polearms
  3893 | D:4      | Killed Robin
  4072 | D:4      | Reached skill level 5 in Dodging
  4085 | D:4      | Found a staircase to the Ecumenical Temple.
  4204 | Temple   | Entered the Ecumenical Temple
  4230 | Temple   | Became a worshipper of Warmaster Okawaru
  4513 | D:5      | Reached skill level 5 in Fighting
  4513 | D:5      | Reached XP level 7. HP: 55/56 MP: 7/7
  4561 | D:5      | Reached skill level 1 in Armour
  4836 | D:5      | Reached skill level 8 in Polearms
  5071 | D:5      | Reached * piety under Okawaru
  5173 | D:5      | Reached XP level 8. HP: 63/63 MP: 8/8
  5257 | D:5      | Reached skill level 9 in Polearms
  5257 | D:5      | Reached skill level 1 in Invocations
  5469 | D:5      | Found a hide-covered altar of Uskayaw.
  5996 | D:6      | Reached ** piety under Okawaru
  6032 | D:6      | Reached skill level 10 in Polearms
  6122 | D:6      | Reached XP level 9. HP: 48/71 MP: 11/11
  6228 | D:6      | Found a runed translucent door.
  6229 | D:6      | Noticed Crazy Yiuf
  6238 | D:6      | Killed Crazy Yiuf
  6492 | D:6      | Noticed Duvessa
  6493 | D:6      | Noticed Dowan
  6507 | D:6      | Killed Duvessa
  6520 | D:6      | Killed Dowan
  6752 | D:6      | Reached skill level 11 in Polearms
  7037 | D:6      | Reached *** piety under Okawaru
  7868 | D:7      | Found a bloodstained altar of Trog.
  7870 | D:7      | Found a stormy altar of Qazlal.
  7872 | D:7      | Found a shadowy altar of Dithmenos.
  7872 | D:7      | Found a sacrificial altar of Ru.
  7878 | D:7      | Found a radiant altar of Vehumet.
  7878 | D:7      | Found a snail-covered altar of Cheibriados.
  7879 | D:7      | Found a white marble altar of Elyvilon.
  8572 | D:8      | Reached skill level 12 in Polearms
  8828 | D:8      | Found a staircase to the Lair.
  8851 | D:8      | Reached XP level 10. HP: 73/79 MP: 13/13
  9156 | D:9      | Noticed a purple ugly thing
  9166 | D:9      | Found Zoble's Weapon Emporium.
  9280 | D:9      | Reached **** piety under Okawaru
  9485 | D:9      | Found Uprat's Magic Scroll Shoppe.
  9534 | D:9      | Bought a scroll of acquirement for 520 gold pieces
  9534 | D:9      | Acquired a +0 kite shield of protection
  9582 | D:9      | Found Hiloneong's Assorted Antiques.
  9590 | D:9      | Bought a scroll labelled ALYJYIVU NALY for 35 gold pieces
  9590 | D:9      | Bought a scroll of identify for 70 gold pieces
 10037 | D:9      | Found Akhel's Magic Scroll Shop.
 10187 | D:9      | Noticed Psyche
 10197 | D:9      | Killed Psyche
 10198 | D:9      | Reached skill level 5 in Invocations
 10223 | D:9      | Killed a purple ugly thing
 10224 | D:9      | Reached skill level 1 in Shields
 10522 | D:10     | Entered Level 10 of the Dungeon
 10598 | D:10     | Reached skill level 13 in Polearms
 10976 | D:10     | Reached ***** piety under Okawaru
 11372 | D:10     | Noticed a two-headed ogre
 11372 | D:10     | Noticed a gargoyle
 11394 | D:10     | Killed a two-headed ogre
 11395 | D:10     | Reached XP level 11. HP: 32/87 MP: 15/15
 11423 | D:10     | Received a gift from Okawaru
 12321 | D:11     | Found a shimmering altar of Xom.
 12322 | D:11     | Found the +7 mace of Variability {chain chaos}
 12346 | D:11     | Reached skill level 14 in Polearms
 12380 | D:11     | Killed an unseen horror
 12504 | D:11     | Reached skill level 10 in Dodging
 12813 | D:11     | Killed an unseen horror
 12814 | D:11     | Reached skill level 5 in Armour
 13524 | D:12     | Found a staircase to the Orcish Mines.
 13827 | D:12     | Noticed a cyclops
 13841 | D:12     | Killed a cyclops
 13996 | D:12     | Noticed a green ugly thing
 13996 | D:12     | Noticed a green ugly thing
 13997 | D:12     | Found Wijo's Gadget Boutique.
 14022 | D:12     | Killed a cyan ugly thing
 14035 | D:12     | Killed a white ugly thing
 14036 | D:12     | Reached skill level 15 in Polearms
 14313 | D:12     | Got a polished plate armour
 14484 | D:12     | Reached XP level 12. HP: 83/95 MP: 17/17
 14504 | D:12     | Received a gift from Okawaru
 14507 | D:12     | Got a glimmering hat {god gift}
 14519 | D:12     | Identified the +0 hat of Xuneas {*Drain *Slow rPois rF+++}
                  | (Okawaru gifted it to you on level 12 of the Dungeon)
 14581 | D:12     | Noticed Sonja
 14592 | D:12     | Killed Sonja
 14593 | D:12     | Reached skill level 5 in Shields
 14919 | D:12     | Noticed an ettin
 14919 | D:12     | Noticed a storm dragon
 14963 | D:12     | Killed an ettin
 14964 | D:12     | Noticed a centaur warrior
 15182 | D:12     | Killed a centaur warrior
 15556 | D:12     | Noticed an ettin
 15630 | Lair:1   | Entered Level 1 of the Lair of Beasts
 15641 | Lair:1   | Noticed a six-headed hydra
 15684 | D:8      | Killed a six-headed hydra
 15685 | D:8      | Reached skill level 10 in Fighting
 16026 | Lair:1   | Identified the +0 plate armour of the Baker {rN+ Will+
                  | Dex+3 Stlth+} (You found it on level 12 of the Dungeon)
 16080 | Lair:1   | Reached XP level 13. HP: 78/103 MP: 18/18
 16110 | Lair:1   | Reached ****** piety under Okawaru
 16425 | Lair:1   | Received a gift from Okawaru
 17521 | Lair:3   | Learned a level 2 spell: Blink
 17526 | Lair:3   | Learned a level 4 spell: Passage of Golubria
 17531 | Lair:3   | Learned a level 4 spell: Summon Lightning Spire
 17571 | Lair:3   | Reached skill level 1 in Transmutations
 17716 | Lair:3   | Found a staircase to the Snake Pit.
 18243 | Lair:3   | Received a gift from Okawaru
 18330 | Lair:3   | Got a brightly glowing animal skin {god gift}
 18343 | Lair:3   | Identified the +1 animal skin "Weidufi" {Will+} (Okawaru
                  | gifted it to you on level 3 of the Lair of Beasts)
 18517 | Lair:3   | Reached skill level 5 in Transmutations
 18585 | Lair:3   | Noticed a dire elephant
 18617 | Lair:3   | Killed a dire elephant
 19842 | Lair:4   | Reached XP level 14. HP: 94/111 MP: 18/20
 19941 | Lair:4   | Found a staircase to the Swamp.
 19996 | Lair:4   | You fall into a shaft and drop 2 floors!
 19996 | Lair:6   | Entered Level 6 of the Lair of Beasts
 20498 | Lair:6   | Reached skill level 1 in Spellcasting
 20552 | Lair:6   | Received a gift from Okawaru
 20555 | Lair:6   | Got a smouldering trident {god gift}
 20556 | Lair:6   | Identified the +2 trident "Iduachom" {vamp, rElec MP+9}
                  | (Okawaru gifted it to you on level 6 of the Lair of Beasts)
 20949 | Lair:5   | Noticed Rupert
 20977 | Lair:5   | HP: 5/111 [Rupert/+0 battleaxe of electrocution (24)]
 20977 | Lair:5   | Mangled by Rupert

Illustrated notes

Levels and vault maps discovered:
D:1:      roderic_chinese_lattice_arrival, layout_basic, minmay_misc_feat_room
D:2:      layout_basic, uniq_natasha
D:3:      layout_basic
D:4:      layout_basic, minmay_temple_entry_statues_fountains, uniq_robin
D:5:      layout_loops_ring, nicolae_overflow_hidden_temple
D:6:      layout_loops_corners, minmay_misc_feat_columns, minmay_misc_feat_chi,
          minmay_manual_monstrance, uniq_crazy_yiuf_cottage, uniq_duvessa
D:7:      layout_loops_corners, grunt_temple_overflow_open, sigmund_army
D:8:      layout_loops_ring, lair_entry_dummy
D:9:      layout_basic, serial_shops, shop_statue, shop, nicolae_shop_trees,
          nicolae_shop_window_shopping, palyth_stone_intersect, uniq_psyche
D:10:     old_forge, layout_basic
D:11:     layout_loops_ring, minmay_guarded_unrand_variability
D:12:     minmay_glassy_protrusions, layout_loops_ring, david_orc_3,
          serial_glass, glass_columns_a, glass_columns_c, serial_shops, shop,
          uniq_frances, uniq_erolcha, uniq_sonja
Temple:   eino_temple_lava
Lair:1:   layout_misc_corridors, grunt_megastairs_2
Lair:2:   layout_chaotic_city, hangedman_lair_generics_rect,
          lemuel_fruit_fields, lemuel_fruit_tree
Lair:3:   mu_elephants_graveyard, layout_regular_city,
          guppyfry_snake_entry_garden
Lair:4:   layout_hall_layers, swamp_mist_pool
Lair:5:   nzn_motion_control, layout_loops_ring, slime_altar_1, uniq_rupert
Lair:6:   minmay_lair_end_enchanted_forest, layout_cave_pods,
          lemuel_fruit_fields, grunt_megastairs_4

Skill      XL: |  1  2  3  4  5  6  7  8  9 10 11 12 13 14 |
---------------+-------------------------------------------+-----
Dodging        | 3 4 5 6 7 8 9 10 12 | 12.8
Polearms       | 4 5 6 7 8 10 12 13 15 | 15.7
Fighting       | 4 5 6 7 8 9 10 | 10.7
Armour         | 1 2 3 4 5 7 8 |  8.8
Invocations    | 2 4 5 7 8 |  8.3
Shields        | 2 4 7 8 |  8.9
Transmutations | 6 7 |  7.0
Spellcasting   | 1 |  1.4
Stealth        | |  5.4

Action                   |  1- 3 |  4- 6 |  7- 9 | 10-12 | 13-15 || total
-------------------------+-------+-------+-------+-------+-------++-------
Melee: Spear             |   125 |   159 |       |       |       ||   284
       Trident           |       |    68 |   654 |  1019 |   758 ||  2499
       Tailslap          |       |       |       |       |     1 ||     1
Throw: Dart              |       |    10 |     8 |    10 |     6 ||    34
Invok: Heroism           |       |       |       |     1 |       ||     1
Evoke: Wand              |       |       |       |    33 |     2 ||    35
  Use: Scroll            |     5 |       |    11 |    11 |     2 ||    29
       Potion            |     1 |       |     1 |     1 |       ||     3
 Stab: Sleeping          |    13 |     3 |     4 |     7 |     2 ||    29
       Paralysed         |       |       |       |    14 |       ||    14
       Invisible         |       |       |       |     3 |       ||     3
       Distracted        |       |       |       |     1 |       ||     1
Armor: Leather armour    |    23 |    15 |       |       |       ||    38
       Scale mail        |       |    19 |   181 |   202 |    86 ||   488
       Plate armour      |       |       |       |       |   107 ||   107
Dodge: Dodged            |    54 |    91 |   261 |   253 |   233 ||   892
Block: Kite shield       |       |       |       |   212 |   299 ||   511
